 Dungeon Crawl Stone Soup version 0.23.2-1-ga50397a6bc (webtiles) character file.

Game seed: 3892173732734444022

159 Gargoyl the Skirmisher (level 5, 0/45 HPs)
             Began as a Centaur Abyssal Knight on May 28, 2019.
             Was a Believer of Lugonu.
             Slain by a gnoll
             ... wielding a +0 flail
              (9 damage)
             ... on level 3 of the Dungeon.
             The game lasted 00:04:24 (3014 turns).

Gargoyl the Skirmisher (Centaur Abyssal Knight)     Turns: 3014, Time: 00:04:24

Health: 0/45       AC: 10    Str: 15    XL:     5   Next: 17%
Magic:  7/7        EV:  4    Int: 11    God:    Lugonu [**....]
Gold:   276        SH:  0    Dex:  9    Spells: 4/4 levels left

rFire    . . .     SeeInvis .   a - +1 hand axe
rCold    . . .     Gourm    .   (no shield)
rNeg     . . .     Faith    .   o - +0 chain mail
rPois    .         Spirit   .   e - +1 helmet
rElec    .         Reflect  .   (no cloak)
rCorr    .         Harm     .   (no gloves)
MR       .....                  (no barding)
Stlth    ..........             (no amulet)
HPRegen  0.15/turn              (no ring)
MPRegen  0.10/turn              (no ring)

@: very quick
A: large, hooves 3, deformed body, speed 2, mutation resistance 1, tough skin 3
a: Depart the Abyss, Bend Space, Renounce Religion


You were on level 3 of the Dungeon.
You worshipped Lugonu.
Lugonu was pleased with you.
You were very hungry.

You visited 1 branch of the dungeon, and saw 3 of its levels.
You visited the Abyss 1 time.

You collected 276 gold pieces.

Inventory:

Hand Weapons
 a - a +1 hand axe (weapon)
Missiles
 h - 5 javelins (quivered)
Armour
 e - a +1 helmet (worn)
 o - a +0 chain mail (worn)
Scrolls
 i - 4 scrolls of remove curse
 j - a scroll of identify
 l - 3 scrolls of teleportation {unknown}
 q - a scroll of amnesia {unknown}
Potions
 b - a potion of resistance {unknown}
 d - 3 potions of agility
 f - a potion of ambrosia {unknown}
 g - 2 potions of curing {unknown}
 k - 2 potions of heal wounds {unknown}
 m - a potion of brilliance {unknown}
 n - 2 potions of cancellation {unknown}
 p - 3 potions of degeneration {unknown}
Comestibles
 c - 7 rations


   Skills:
 + Level 3.6 Fighting
 + Level 2.8 Axes
 * Level 2.5 Armour
 * Level 1.3 Dodging
 * Level 2.8 Invocations


You had 4 spell levels left.
You didn't know any spells.
Your spell library contained the following spells:

 Spells                   Type           Power        Failure   Level  Hunger
 Sting                    Conj/Pois      #...         100%        1    ##.....
 Poisonous Vapours        Pois/Air       #.....       100%        2    ###....
 Mephitic Cloud           Conj/Pois/Air  #.......     100%        3    ####...
 Olgreb's Toxic Radiance  Pois           #.......     100%        4    #####..
 Venom Bolt               Conj/Pois      #.........   100%        5    ######.


Dungeon Overview and Level Annotations

Branches:
Dungeon (3/15)

Altars:
Dithmenos
Fedhas
Kikubaaqudgha
Makhleb
Ru
Sif Muna
Uskayaw


Innate Abilities, Weirdness & Mutations

You have hooves in place of feet.
Armour fits poorly on your strangely shaped body.
You cover ground very quickly.
You have extremely tough skin. (AC +3)
You are somewhat resistant to further mutation.


Message History

The gnoll barely misses you. The gnoll hits you but does no damage.
The gnoll hits you with a cursed -3 club.
Unknown command.
You hit the gnoll.
The gnoll is almost dead.
You hit the gnoll. x2; The gnoll hits you.
The gnoll barely misses you. The gnoll hits you with a +0 flail!
* * * LOW HITPOINT WARNING * * *
The goblin unwields a +0 hunting sling.
The goblin hits you but does no damage.
Unknown command.
You hit the gnoll but do no damage. You kick the gnoll, but do no damage.
The gnoll is almost dead.
You barely miss the goblin. You hit the gnoll but do no damage. x2
The gnoll hits you but does no damage.
The gnoll hits you with a cursed -3 club.
* * * LOW HITPOINT WARNING * * *
The gnoll barely misses you. The goblin hits you.
* * * LOW HITPOINT WARNING * * *
The gnoll hits you with a +0 flail!
You die...

.# #.##
#...#.# .#
... .....
..# #.#...
.## ....##
.... .#..
..... ##
#..##.#.# #.
#.)g....# #.
#ggg...$#
##.
#.@##.#.# .
#..# #. #..#
# #.
#..####.# #.
####.......#
#.
#.....<.####
#. #.......#
#. #.##)#..#
#. #.##.#..#
#.


You could see 3 gnolls and a goblin.

Vanquished Creatures
  Jessica (D:3)
  A gnoll (D:3)
  4 adders
  An ooze (D:1)
  2 worms (D:2)
  3 dart slugs
  4 leopard geckos
  An orc (D:3)
  6 bats
  4 giant cockroaches
  5 goblins
  6 hobgoblins
  6 jackals
  10 kobolds
  A quokka (D:3)
  2 ball pythons
  3 frilled lizards
  4 rats
64 creatures vanquished.

Notes
Turn   | Place    | Note
-------+----------+-------------------------------------------
     0 | Abyss:1  | Gargoyl the Centaur Abyssal Knight began the quest for the
                  | Orb.
     0 | Abyss:1  | Reached XP level 1. HP: 19/19 MP: 2/2
     1 | Abyss:1  | Found a corrupted altar of Lugonu.
    45 | Abyss:2  | Found a corrupted altar of Lugonu.
    90 | Abyss:3  | Noticed a chaos spawn
   160 | Abyss:4  | Gained mutation: You are somewhat resistant to further
                  | mutation. [potion of mutation]
   186 | Abyss:4  | Noticed a raiju
   187 | Abyss:4  | Noticed a raiju
   200 | Abyss:4  | Noticed a ynoxinul
   202 | D:1      | Escaped the Abyss
   353 | D:1      | Reached XP level 2. HP: 26/26 MP: 3/3
   360 | D:1      | Reached * piety under Lugonu
   803 | D:1      | Reached skill level 1 in Dodging
   856 | D:1      | Reached XP level 3. HP: 31/31 MP: 4/4
  1592 | D:2      | Reached XP level 4. HP: 30/38 MP: 5/5
  2429 | D:3      | Found a shadowy altar of Dithmenos.
  2430 | D:3      | Found a blossoming altar of Fedhas.
  2434 | D:3      | Found a hide-covered altar of Uskayaw.
  2435 | D:3      | Found a burning altar of Makhleb.
  2435 | D:3      | Found a sacrificial altar of Ru.
  2436 | D:3      | Found an ancient bone altar of Kikubaaqudgha.
  2436 | D:3      | Found a deep blue altar of Sif Muna.
  2725 | D:3      | Reached ** piety under Lugonu
  2920 | D:3      | Noticed Jessica
  2925 | D:3      | Killed Jessica
  2925 | D:3      | Reached XP level 5. HP: 45/45 MP: 5/7
  3014 | D:3      | Slain by a gnoll

Skill      XL: |  1  2  3 |
---------------+----------+-----
Axes           | 2 |  2.8
Dodging        | 1 |  1.3
Armour         | 2 |  2.5
Fighting       | |  3.6
Invocations    | |  2.8

Action                   |  1- 3 |  4- 6 || total
-------------------------+-------+-------++-------
Melee: Hand axe          |   113 |   100 ||   213
       Kick              |    13 |    21 ||    34
Invok: Depart the Abyss  |     1 |       ||     1
  Use: Potion            |     1 |       ||     1
       Scroll            |     5 |       ||     5
  Eat: Chunk             |     1 |     3 ||     4
Armor: Leather armour    |    35 |       ||    35
       Ring mail         |    45 |    22 ||    67
       Chain mail        |       |    63 ||    63
Dodge: Dodged            |    65 |    28 ||    93
